 Dungeon Crawl Stone Soup version 0.32-a0-630-g46d191b0ed (webtiles) character file.

Game seed: 7966674844615399765

114 Drazool the Shooter (level 4, -2/33 HPs)
             Began as a Coglin Hunter on Mar 6, 2024.
             Slain by a scorpion (6 damage)
             ... on level 3 of the Dungeon.
             The game lasted 00:04:23 (1176 turns).

Drazool the Shooter (Coglin Hunter)                 Turns: 1176, Time: 00:04:23

Health: -2/33      AC:  3    Str: 11    XL:     4   Next: 97%
Magic:  4/4        EV: 12    Int:  9    God:
Gold:   153        SH:  0    Dex: 19    Spells: 3/3 levels left

rFire   . . .        a - +2 sling {Nimrit}
rCold   . . .        d - +0 sling {Tae}
rNeg    . . .        c - +0 leather armour
rPois   .            (no helmet)
rElec   .            (no cloak)
rCorr   .            (no gloves)
SInv    .            (no boots)
Will    .....        (amulet unavailable)
Stlth   ++           (ring unavailable)
HPRegen 0.25/turn    (ring unavailable)
MPRegen 0.09/turn    (no gizmo)

%: no passive effects
@: lethally poisoned (-2 -> -6), revved
A: off-hand wielding, slow wielding, warmup strikes, no jewellery
a: Invent Gizmo


You were on level 3 of the Dungeon.
You visited 1 branch of the dungeon, and saw 3 of its levels.

You collected 153 gold pieces.


Innate Abilities, Weirdness & Mutations

You can wield a second weapon in your off-hand.
It takes a long time for you to wield or remove held weapons.
Your first few attacks do less damage.
You cannot equip rings or amulets.


   Skills:
 - Level 2.0 Fighting
 + Level 5.5 Ranged Weapons
 - Level 1.7 Dodging
 - Level 0.7 Stealth


You had 3 spell levels left.
You didn't know any spells.
Your spell library contained the following spells:

 Spells                   Type           Power      Damage    Failure   Level
 Alistair's Intoxication  Alch           0%         N/A       100%        5
 Borgnjor's Vile Clutch   Necr/Erth      0%         N/A       100%        5
 Eringya's Noxious Bog    Alch           0%         4d6       100%        6

Inventory:

Hand Weapons
 a - a +2 sling (weapon) {Nimrit}
 d - a +0 sling (offhand) {Tae}
Armour
 c - a +0 leather armour (worn)
Scrolls
 b - a scroll of butterflies
 e - a scroll of blinking {unknown}
 g - a scroll of enchant armour {unknown}
 j - a scroll of identify {unknown}
 k - a scroll of vulnerability {unknown}
Potions
 f - a potion of attraction {unknown}
 h - a potion of lignification {unknown}

Dungeon Overview and Level Annotations

Branches:
Dungeon (3/15)

Altars:
Elyvilon
Wu Jian

#..#.###....
##.... .....
##.... #..#
#######
.[.##..).####..#
#......
...$......##..<#
#...... #......#.#
#......
#l.......###......
#s###.....##......
#@#.....#.†.......
#.#.......#.......
..#......####.##..
#.........# #....#
##...##.#.# ####..
#... #.#.# #.#
.... ..... ###.#
#..#.. ##. .....
#.. # .....


You could see a scorpion and a frilled lizard.


Message History

You shoot a sling bullet.
The sling bullet barely misses the scorpion.
The sling bullet closely misses the frilled lizard.
You shoot a sling bullet.
The sling bullet completely misses the scorpion.
The sling bullet misses the frilled lizard.
The scorpion stings you.
* * * LOW HITPOINT WARNING * * *
You are poisoned.
The scorpion poisons you! The scorpion stings you.
* * * LOW HITPOINT WARNING * * *
You shoot a sling bullet. The sling bullet hits the scorpion.
The scorpion is severely wounded.
You shoot a sling bullet. The sling bullet hits the scorpion.
The scorpion is almost dead.
* * * LOW HITPOINT WARNING * * *
You feel sick. The scorpion barely misses you.
Unknown command.
Unknown command.
You shoot a sling bullet.
The sling bullet hits the scorpion but does no damage.
The scorpion is almost dead.
You shoot a sling bullet.
The sling bullet hits the scorpion but does no damage.
The scorpion is almost dead.
* * * LOW HITPOINT WARNING * * *
You feel sick. The scorpion stings you.
* * * LOW HITPOINT WARNING * * *
The scorpion stings you.
You die...

Skill      XL: |  1  2  3 |
---------------+----------+-----
Ranged Weapons | 4 5 |  5.5
Fighting       | |  2.0
Dodging        | |  1.7
Stealth        | |  0.7

Action                     |  1- 3 |  4- 6 || total
---------------------------+-------+-------++-------
   Fire: Sling             |   118 |   104 ||   222
    Use: Potion            |       |     1 ||     1
 Armour: Leather armour    |     7 |    17 ||    24
  Dodge: Dodged            |     9 |    16 ||    25

Levels and vault maps discovered:
D:1:      lemuel_arrival_river_ford, layout_basic
D:2:      layout_rooms, chequers_ecumenical_altar_twisty,
          ebering_dispersal_statue_hall
D:3:      layout_rooms, chequers_temple_overflow_statue_of_worship,
          chequers_serial_rivers_room_b, hex_medium, minivault_19

Notes
Turn   | Place    | Note
-------+----------+-------------------------------------------
     0 | D:1      | Drazool the Coglin Hunter began the quest for the Orb.
     0 | D:1      | Reached XP level 1. HP: 16/16 MP: 1/1
    84 | D:1      | Reached skill level 4 in Ranged Weapons
    84 | D:1      | Reached XP level 2. HP: 22/22 MP: 2/2
   223 | D:1      | Reached XP level 3. HP: 27/27 MP: 3/3
   647 | D:2      | Reached skill level 5 in Ranged Weapons
   647 | D:2      | Reached XP level 4. HP: 33/33 MP: 4/4
   791 | D:2      | Found a faded altar of an unknown god.
   983 | D:3      | Found a white marble altar of Elyvilon.
   983 | D:3      | Found an ornate altar of the Wu Jian Council.
  1163 | D:3      | Noticed a scorpion
  1172 | D:3      | HP: 2/33 [scorpion (5)]
  1176 | D:3      | Slain by a scorpion

Vanquished Creatures
  A hound (D:3)
  3 adders
  A dart slug (D:2)
  6 endoplasms
  6 giant cockroaches
  4 goblins
  5 hobgoblins
  7 jackals
  5 kobolds
  A quokka (D:1)
  2 ball pythons (D:2)
  3 bats (D:2)
  A frilled lizard (D:1)
  2 rats
47 creatures vanquished.

Table legend: (Time is in decaauts)
 A = Elapsed time spent in this place.
 B = Non-inter-level travel time spent in this place.
 C = Inter-level travel time spent in this place.
 D = Time resting spent in this place.
 E = Time spent auto-exploring this place.
 F = Levels seen in this place.
 G = Mean time per level.
                   A        B        C        D        E       F      G
               +--------+--------+--------+--------+--------+-----+--------+
         Total |   1203 |   1158 |     45 |      0 |    925 |   3 |  401.0 |
       Dungeon |   1203 |   1158 |     45 |      0 |    925 |   3 |  401.0 |
               +--------+--------+--------+--------+--------+-----+--------+

Top non-repeatable levels by time:
     D:1: 548 daAuts
     D:2: 456 daAuts
     D:3: 198 daAuts

Table legend:
 A = Non-vault XP
 B = Vault XP
 C = Vault XP percentage of total XP
 D = Non-vault monster count
 E = Vault monster count
 F = Vault count percentage of total count
                 A         B        C        D         E       F
            +---------+---------+-------+---------+---------+-------
      Total |     163 |       0 |   0.0 |      47 |       0 |   0.0
            +---------+---------+-------+---------+---------+-------
        D:1 |      39 |       0 |   0.0 |      21 |       0 |   0.0
        D:2 |      57 |       0 |   0.0 |      19 |       0 |   0.0
        D:3 |      67 |       0 |   0.0 |       7 |       0 |   0.0
            +---------+---------+-------+---------+---------+-------
